[Event "Titled Tuesday Blitz July 25 Early 2023"]
[White "Nakamura, Hikaru"]
[Black "Shuvalova, Polina"]
[WhiteFideId "2016192"]
[BlackFideId "24171760"]
[WhiteElo "3300"]
[BlackElo "2663"]
[Result "1-0"]
[Round "2"]
[TimeControl "180+2"]
[Date "2023.07.25"]
[WhiteClock "0:00:54"]
[BlackClock "0:00:05"]
[Board "1"]

1. a3 a6 2. e4 e5 3. Bc4 Nf6 4. d3 Nc6 5. Nc3 Be7 6. f4 d6 7. Nf3 O-O 8. f5 Nd4 9. O-O c6 10. Ba2 d5 11. Kh1 dxe4 12. dxe4 Qc7 13. Qd2 Rd8 14. Qf2 b5 15. Ng5 Rf8 16. h3 c5 17. Nd5 Nxd5 18. Bxd5 Bb7 19. Bxb7 Qxb7 20. Re1 Bxg5 21. Bxg5 f6 22. Be3 Rfd8 23. c3 Nb3 24. Rad1 Qxe4 25. Bxc5 Qc6 26. Be3 h6 27. Qg3 Kh8 28. Qg6 Qe8 29. Bb6 Rxd1 30. Rxd1 Qc6 31. Be3 Nc5 32. Bxc5 Qxc5 33. Rd7 Rg8 34. Qg3 e4 35. Rd6 Qxf5 36. Rxa6 Re8 37. Ra7 Qg5 38. Qxg5 hxg5 39. Kg1 Rd8 40. Rb7 Rd2 41. Rxb5 e3 42. Kf1 Rf2+ 43. Ke1 Rxg2 44. a4 g6 45. a5 f5 46. a6 f4 47. a7 Rg1+ 48. Ke2 Ra1 49. Rb8+ Kh7 50. a8=Q Rxa8 51. Rxa8 Kg7 52. Kf3 Kf7 53. Ra5 Kf6 54. b4 Ke6 55. Rxg5 1-0


[Site "https://www.chess.com"]

[Event "Titled Tuesday Blitz July 25 Early 2023"]
[White "Seemann, Jakub"]
[Black "Vachier-Lagrave, Maxime"]
[WhiteFideId "21874697"]
[BlackFideId "623539"]
[WhiteElo "2661"]
[BlackElo "3128"]
[Result "0-1"]
[Round "2"]
[TimeControl "180+2"]
[Date "2023.07.25"]
[WhiteClock "0:00:02"]
[BlackClock "0:00:04"]
[Board "2"]

1. e4 c5 2. Nf3 Nc6 3. Bb5 g6 4. O-O Bg7 5. c3 Nf6 6. Re1 O-O 7. d4 d5 8. e5 Ne4 9. Bxc6 bxc6 10. Be3 cxd4 11. cxd4 Rb8 12. Qc1 Qb6 13. b3 f6 14. Nc3 fxe5 15. Nxe5 c5 16. Nxd5 Qe6 17. Nf4 Qf5 18. Nfd3 cxd4 19. Bxd4 Bb7 20. f3 Ng5 21. Nc5 Bxf3 22. Qc4+ e6 23. Nxf3 Bxd4+ 24. Nxd4 Qg4 25. Kh1 Rf2 26. Rg1 Re8 27. Raf1 Rxf1 28. Rxf1 Kh8 29. Nf3 Qxc4 30. bxc4 Nf7 31. Nd7 e5 32. c5 e4 33. Nd4 Nd8 34. c6 e3 35. c7 Nb7 36. Rf8+ Rxf8 37. Nxf8 Nd6 38. Kg1 Kg7 39. Nfe6+ Kf6 40. Nc5 Ke5 41. Nb5 Nc8 42. Nb7 Ke4 43. N7d6+ Kd3 44. Nxc8 e2 45. Kf2 Kd2 46. Ncd6 e1=Q+ 47. Kf3 Qe3+ 48. Kg4 h5+ 49. Kh4 Qf4+ 0-1


[Site "https://www.chess.com"]

[Event "Titled Tuesday Blitz July 25 Early 2023"]
[White "So, Wesley"]
[Black "Haug, Havard"]
[WhiteFideId "5202213"]
[BlackFideId "1547887"]
[WhiteElo "3104"]
[BlackElo "2660"]
[Result "1-0"]
[Round "2"]
[TimeControl "180+2"]
[Date "2023.07.25"]
[WhiteClock "0:00:45"]
[BlackClock "0:00:02"]
[Board "3"]

1. d4 d5 2. Nf3 Nf6 3. Bf4 c5 4. e3 Nc6 5. Nbd2 g6 6. c3 cxd4 7. exd4 Bg7 8. Bd3 Bf5 9. Bxf5 gxf5 10. h3 O-O 11. g4 Qd7 12. Qc2 Ne4 13. Qd3 Rfe8 14. O-O-O Nxf2 15. Qe2 Nxd1 16. Kxd1 f6 17. gxf5 Qxf5 18. Be3 e5 19. Qg2 Kh8 20. Rf1 Qg6 21. Qf2 Rac8 22. Nh4 Qd3 23. Nf5 exd4 24. Bxd4 Nxd4 25. Nxd4 b5 26. Nf5 b4 27. Nxg7 bxc3 28. Nxe8 Rc6 29. Qg2 Rc7 30. Rg1 Qxd2+ 31. Qxd2 cxd2 32. Nxc7 1-0


[Site "https://www.chess.com"]

[Event "Titled Tuesday Blitz July 25 Early 2023"]
[White "Spata, German"]
[Black "Dubov, Daniil"]
[WhiteFideId "113026"]
[BlackFideId "24126055"]
[WhiteElo "2657"]
[BlackElo "3097"]
[Result "0-1"]
[Round "2"]
[TimeControl "180+2"]
[Date "2023.07.25"]
[WhiteClock "0:01:02"]
[BlackClock "0:02:30"]
[Board "4"]

1. Nf3 d5 2. d4 Nf6 3. e3 g6 4. c4 Bg7 5. Nc3 O-O 6. cxd5 Nxd5 7. Bc4 e6 8. O-O c5 9. Nxd5 exd5 10. Be2 b6 11. b3 Nc6 12. Bb2 Bg4 13. Rc1 Rc8 14. Qd2 Bxf3 15. Bxf3 cxd4 16. Bxd4 Bxd4 17. exd4 Qf6 18. Bxd5 Nxd4 19. Rfd1 Rxc1 20. Rxc1 Rd8 0-1


[Site "https://www.chess.com"]

[Event "Titled Tuesday Blitz July 25 Early 2023"]
[White "Giri, Anish"]
[Black "brm72"]
[WhiteFideId "24116068"]
[WhiteElo "3077"]
[BlackElo "2653"]
[Result "1/2-1/2"]
[Round "2"]
[TimeControl "180+2"]
[Date "2023.07.25"]
[WhiteClock "0:00:03"]
[BlackClock "0:00:08"]
[Board "5"]

1. e4 c6 2. d3 d5 3. Nd2 e5 4. Ngf3 Bd6 5. g3 Nf6 6. Bg2 O-O 7. O-O Re8 8. Re1 Bg4 9. h3 Bh5 10. c3 Nbd7 11. Qc2 Qc7 12. Nh4 a5 13. Nf1 Bg6 14. Ne3 dxe4 15. dxe4 Nc5 16. Nef5 Bf8 17. Bg5 Nfd7 18. Be3 Ne6 19. Rad1 Bc5 20. Bc1 Rad8 21. Bf1 Nb6 22. Nxg6 hxg6 23. Nh4 Rxd1 24. Qxd1 Rd8 25. Qg4 Nf8 26. Nf3 Nbd7 27. Ng5 Nf6 28. Qf3 b5 29. a4 Qb6 30. Kg2 N8h7 31. h4 Nxg5 32. hxg5 Ne8 33. Be2 Nc7 34. Rh1 Ne6 35. Qg4 Kf8 36. f4 Be3 37. f5 Nxg5 38. fxg6 Bxc1 39. Rxc1 Qe3 40. Rf1 f6 41. axb5 cxb5 42. Bf3 b4 43. cxb4 axb4 44. Rf2 Rd2 45. Qc8+ Ke7 46. Qc7+ Rd7 47. Qb8 Nxf3 48. Qxb4+ Ke8 49. Qb8+ Ke7 50. Qb4+ Ke8 51. Qb8+ Ke7 52. Qb4+ 1/2-1/2


[Site "https://www.chess.com"]

[Event "Titled Tuesday Blitz July 25 Early 2023"]
[White "Hilary46"]
[Black "Sarana, Alexey"]
[BlackFideId "24133795"]
[WhiteElo "2640"]
[BlackElo "3055"]
[Result "0-1"]
[Round "2"]
[TimeControl "180+2"]
[Date "2023.07.25"]
[WhiteClock "0:00:01"]
[BlackClock "0:00:13"]
[Board "6"]

1. e4 e5 2. Nf3 Nc6 3. Bb5 Nf6 4. O-O Nxe4 5. Re1 Nd6 6. Nxe5 Nxe5 7. Rxe5+ Be7 8. Bd3 O-O 9. Nc3 c6 10. b3 Bf6 11. Rh5 g6 12. Ba3 Qc7 13. Qg4 Re8 14. Qf4 Re6 15. Qh6 Bg7 16. Qxh7+ Kf8 17. Rh3 Qa5 18. Bxd6+ Rxd6 19. Rf3 Rf6 20. Re3 d5 21. Rae1 Be6 22. Qh4 Re8 23. b4 Qc7 24. Ne2 Kg8 25. g3 c5 26. bxc5 Qxc5 27. c3 Bd7 28. Rxe8+ Bxe8 29. Nd4 Bd7 30. Bf1 Qa3 31. Qg5 Qd6 32. Bg2 Bc6 33. Qe3 Bf8 34. h4 Qd7 0-1


[Site "https://www.chess.com"]

[Event "Titled Tuesday Blitz July 25 Early 2023"]
[White "Bluebaum, Matthias"]
[Black "Lewicki, Miroslaw"]
[WhiteFideId "24651516"]
[BlackFideId "1113380"]
[WhiteElo "3046"]
[BlackElo "2631"]
[Result "1-0"]
[Round "2"]
[TimeControl "180+2"]
[Date "2023.07.25"]
[WhiteClock "0:01:06"]
[BlackClock "0:00:02"]
[Board "7"]

1. d4 Nf6 2. c4 e6 3. Nc3 d5 4. cxd5 exd5 5. Bg5 Be7 6. e3 O-O 7. Bd3 Nbd7 8. Qc2 h6 9. Bf4 c6 10. h3 Nb6 11. Nf3 Bd6 12. Ne5 Nc4 13. Bh2 Bxe5 14. dxe5 Nd7 15. Bxc4 dxc4 16. O-O Nc5 17. Rad1 Qa5 18. f4 Nd3 19. b3 Qc5 20. bxc4 Qxe3+ 21. Kh1 Bf5 22. Rf3 Ne1 23. Rxe3 Nxc2 24. Re2 Rfd8 25. Red2 Rxd2 26. Rxd2 Ne3 27. c5 Be6 28. g4 b6 29. f5 Bd5+ 30. Nxd5 Nxd5 31. Kg2 b5 32. Kf3 a5 33. Ke4 b4 34. e6 fxe6 35. fxe6 a4 36. Ke5 b3 37. axb3 a3 38. Kd6 a2 39. Be5 Nb4 40. e7 1-0


[Site "https://www.chess.com"]

[Event "Titled Tuesday Blitz July 25 Early 2023"]
[White "Manelyuk, Daniil"]
[Black "Andreikin, Dmitry"]
[WhiteFideId "44173920"]
[BlackFideId "4158814"]
[WhiteElo "2631"]
[BlackElo "3039"]
[Result "1-0"]
[Round "2"]
[TimeControl "180+2"]
[Date "2023.07.25"]
[WhiteClock "0:00:23"]
[BlackClock "0:00:03"]
[Board "8"]

1. e4 c5 2. Nf3 e6 3. d4 cxd4 4. Nxd4 Nc6 5. Nc3 Qc7 6. Be3 a6 7. Qd2 Nf6 8. O-O-O Be7 9. f3 b5 10. Nxc6 dxc6 11. Qf2 e5 12. Bb6 Qb7 13. Bc5 Be6 14. g4 O-O 15. h4 a5 16. h5 a4 17. a3 Rfb8 18. g5 Bxc5 19. Qxc5 Nd7 20. Qd6 b4 21. Qxb4 Qa7 22. Qd6 Qb6 23. g6 Qxb2+ 24. Kd2 Qb6 25. gxf7+ Bxf7 26. Rh2 Rd8 27. Bd3 Ra5 28. Rg2 Qc5 29. Qh6 Bg6 30. Qg5 Nf8 31. Qxd8 Bxh5 32. Rdg1 Bg6 33. Ne2 Ra7 34. Rxg6 hxg6 35. Rxg6 Rd7 36. Qe8 Qxa3 37. Rxc6 Qb4+ 38. Nc3 a3 39. Rc8 Rd4 40. Ra8 Qc5 41. Nd5 Rxd5 42. exd5 Qf2+ 43. Kc3 Qd4+ 44. Kb3 Qb2+ 45. Ka4 a2 46. Qxf8# 1-0


[Site "https://www.chess.com"]

[Event "Titled Tuesday Blitz July 25 Early 2023"]
[White "Bortnyk, Olexandr"]
[Black "Martic, Ivan"]
[WhiteFideId "14120828"]
[BlackFideId "929301"]
[WhiteElo "3039"]
[BlackElo "2628"]
[Result "1-0"]
[Round "2"]
[TimeControl "180+2"]
[Date "2023.07.25"]
[WhiteClock "0:00:24"]
[BlackClock "0:00:05"]
[Board "9"]

1. e4 c5 2. c3 e6 3. d4 d5 4. exd5 exd5 5. Be3 cxd4 6. Bxd4 Nc6 7. Nf3 Bg4 8. Nbd2 Nf6 9. Bb5 Bd6 10. O-O O-O 11. Qa4 Bd7 12. Rfe1 a6 13. Bxc6 bxc6 14. Qc2 h6 15. b4 a5 16. a3 axb4 17. axb4 Rxa1 18. Rxa1 Re8 19. h3 Ne4 20. Ra7 Bb8 21. Ra1 Bf5 22. Qa4 Nxd2 23. Nxd2 Qd6 24. Nf1 Bxh3 25. Qd1 Qg6 26. Ng3 Bxg3 27. fxg3 Qxg3 28. Qf3 Qxf3 29. gxf3 Re2 30. Ra6 Rg2+ 31. Kh1 Re2 32. Rxc6 Bg2+ 33. Kg1 Bxf3 34. b5 Rg2+ 35. Kf1 Rb2 36. b6 Kh7 37. Rc7 Bh5 38. Kg1 Kg6 39. b7 Be2 40. Rc6+ f6 41. Rb6 Rxb6 42. Bxb6 1-0


[Site "https://www.chess.com"]

[Event "Titled Tuesday Blitz July 25 Early 2023"]
[White "Ganiev, Roman"]
[Black "Shimanov, Aleksandr"]
[WhiteFideId "4131452"]
[BlackFideId "4198603"]
[WhiteElo "2625"]
[BlackElo "3011"]
[Result "0-1"]
[Round "2"]
[TimeControl "180+2"]
[Date "2023.07.25"]
[WhiteClock "0:00:03"]
[BlackClock "0:00:08"]
[Board "10"]

1. e4 e6 2. d4 d5 3. Nc3 Bb4 4. e5 c5 5. a3 Ba5 6. b4 cxd4 7. Nb5 Bc7 8. Nf3 Nc6 9. Bf4 Nge7 10. h4 Ng6 11. Nxc7+ Qxc7 12. Bg3 Ngxe5 13. Nxe5 Nxe5 14. Bb5+ Ke7 15. Qxd4 f6 16. O-O Qb6 17. Bxe5 Qxb5 18. Bg3 Kf7 19. h5 e5 20. Qd2 Bf5 21. h6 g6 22. f4 e4 23. Qd4 Rhe8 24. Bf2 b6 25. Rad1 Rad8 26. Be3 Qc4 27. Qxc4 dxc4 28. Rd4 Rxd4 29. Bxd4 e3 30. Re1 e2 31. c3 Bd3 32. Kf2 g5 33. g3 Kg6 34. Kf3 Re6 35. g4 gxf4 36. Kxf4 Kxh6 37. Kf3 Kg6 38. Kg3 f5 39. gxf5+ Kxf5 40. Bf2 Rg6+ 41. Kf3 h5 42. Ke3 Re6+ 43. Kd2 Kg4 44. Rg1+ Kf5 45. Rh1 Rh6 46. Be3 Rh7 47. Rh2 h4 48. Bf2 h3 49. Be1 Kg4 50. Bf2 Rf7 51. Be1 Rf1 52. a4 a6 53. a5 b5 0-1


[Site "https://www.chess.com"]

[Event "Titled Tuesday Blitz July 25 Early 2023"]
[White "Duda, Jan-Krzysztof"]
[Black "Gold_Ocean"]
[WhiteFideId "1170546"]
[WhiteElo "3007"]
[BlackElo "2621"]
[Result "0-1"]
[Round "2"]
[TimeControl "180+2"]
[Date "2023.07.25"]
[WhiteClock "0:00:01"]
[BlackClock "0:00:13"]
[Board "11"]

1. e4 c5 2. Nf3 d6 3. Nc3 a6 4. Be2 Nf6 5. O-O g6 6. d4 cxd4 7. Nxd4 Bg7 8. a4 O-O 9. Be3 Nc6 10. f3 Bd7 11. Nb3 Rb8 12. a5 Ne5 13. Na4 d5 14. Bd4 Nc6 15. Bb6 Qe8 16. exd5 Nb4 17. Nc3 Rc8 18. Bc5 Rxc5 19. Nxc5 Qc8 20. Nxd7 Qxd7 21. Qd2 Qc7 22. Rfd1 Rd8 23. Kh1 Nbxd5 24. Nxd5 Rxd5 25. Qc3 Rc5 26. Qe3 Bh6 27. Qxh6 Rh5 28. Qxh5 Nxh5 29. c4 Nf4 30. Bf1 h5 31. b4 h4 32. c5 Nh5 33. Rd4 Qe5 34. Rad1 h3 35. g3 Nf6 36. Bxh3 Qe2 37. Bg2 Qc2 38. Re1 e5 39. Rd6 Kg7 40. Rb6 Qd2 41. Rg1 Nd5 42. Rd6 Qa2 43. f4 e4 44. Bxe4 Nxb4 45. Bxb7 Qc4 46. c6 Qe4+ 47. Rg2 Nc2 48. h4 Ne1 49. Rd2 Nf3 50. Rd1 Qe6 51. f5 Qxf5 52. g4 Qf6 53. Rg3 Qf4 54. Kg2 Nxh4+ 55. Kh3 Nf5 56. gxf5 Qxf5+ 57. Kh2 Qc2+ 58. Kh3 Qxd1 59. Rc3 Qh1+ 0-1


[Site "https://www.chess.com"]

[Event "Titled Tuesday Blitz July 25 Early 2023"]
[White "Khusenkhojaev, Muhammad"]
[Black "Kevlishvili, Robby"]
[WhiteFideId "14700247"]
[BlackFideId "1040634"]
[WhiteElo "2620"]
[BlackElo "3005"]
[Result "1-0"]
[Round "2"]
[TimeControl "180+2"]
[Date "2023.07.25"]
[WhiteClock "0:01:22"]
[BlackClock "0:00:07"]
[Board "12"]

1. e4 c6 2. d4 d5 3. Nc3 dxe4 4. Nxe4 Nf6 5. Qd3 Nbd7 6. Nf3 Nxe4 7. Qxe4 Nf6 8. Qd3 Bg4 9. Ne5 Bh5 10. h3 e6 11. g4 Bg6 12. Nxg6 hxg6 13. Bg2 Bd6 14. Bd2 Qc7 15. O-O-O O-O-O 16. Kb1 Bf4 17. Bb4 Nd5 18. Ba3 Bd6 19. Bxd5 cxd5 20. Bxd6 Rxd6 21. f4 Kb8 22. h4 Rc6 23. Rdf1 Rc4 24. c3 Rc8 25. f5 gxf5 26. gxf5 e5 27. dxe5 Qxe5 28. h5 d4 29. Re1 Qb5 30. Qg3+ Ka8 31. cxd4 Qxf5+ 32. Ka1 Qa5 33. a3 a6 34. Qxg7 Rc3 35. d5 Rxa3+ 36. bxa3 Qxa3+ 37. Kb1 Qd3+ 38. Ka1 Qa3+ 39. Kb1 Qd3+ 40. Ka1 Rc2 41. Re8+ Ka7 42. Qg1+ b6 43. Re7+ Ka8 44. Qg8+ 1-0


[Site "https://www.chess.com"]

[Event "Titled Tuesday Blitz July 25 Early 2023"]
[White "Pranav, V"]
[Black "Lenaerts, Lennert"]
[WhiteFideId "25060783"]
[BlackFideId "211435"]
[WhiteElo "3004"]
[BlackElo "2618"]
[Result "1-0"]
[Round "2"]
[TimeControl "180+2"]
[Date "2023.07.25"]
[WhiteClock "0:01:07"]
[BlackClock "0:01:20"]
[Board "13"]

1. e4 e5 2. Nf3 Nc6 3. Bb5 a6 4. Ba4 Nf6 5. O-O Be7 6. Re1 b5 7. Bb3 O-O 8. h3 Bb7 9. d3 d5 10. Nbd2 dxe4 11. dxe4 Qd7 12. c3 Rad8 13. Bc2 Rfe8 14. Qe2 Bc5 15. Nb3 Bb6 16. Bg5 Qe6 17. Rad1 h6 18. Be3 Bxe3 19. Qxe3 Rxd1 20. Rxd1 Bc8 21. a3 Qe7 22. Nc5 Rd8 23. Re1 Nd4 24. cxd4 exd4 25. Qd3 Qxc5 26. e5 Nd5 27. Qh7+ Kf8 28. Be4 Nf4 29. Qh8+ Ke7 30. Qxg7 Qb6 31. e6 Bxe6 32. Qxh6 Qd6 33. Qg5+ Kd7 34. Ne5+ Kc8 35. Qxf4 1-0


[Site "https://www.chess.com"]

[Event "Titled Tuesday Blitz July 25 Early 2023"]
[White "Matlakov, Maxim"]
[Black "Lamaze, Simon"]
[WhiteFideId "4168003"]
[BlackFideId "36069264"]
[WhiteElo "2990"]
[BlackElo "2617"]
[Result "1-0"]
[Round "2"]
[TimeControl "180+2"]
[Date "2023.07.25"]
[WhiteClock "0:00:09"]
[BlackClock "0:00:24"]
[Board "14"]

1. e4 c5 2. Nf3 e6 3. c3 Nf6 4. e5 Nd5 5. d4 cxd4 6. cxd4 d6 7. Bc4 Nc6 8. O-O Be7 9. Qe2 O-O 10. Rd1 Qc7 11. Bd2 Rd8 12. Nc3 Nxc3 13. Bxc3 dxe5 14. dxe5 Rxd1+ 15. Rxd1 a6 16. Bd3 b5 17. Qe4 g6 18. h4 Bb7 19. Qf4 Rd8 20. h5 b4 21. Be1 Rd5 22. Be2 Nxe5 23. Nxe5 Qxe5 24. Qxe5 Rxe5 25. Bc4 Bd5 26. Bxa6 Rxh5 27. b3 Rg5 28. Bf1 Rh5 29. Rc1 Bd6 30. f3 Kg7 31. Bd2 Rh4 32. Be3 Rh5 33. Bc4 Bxc4 34. Rxc4 Ra5 35. Rc2 Kf6 36. Kf2 e5 37. Ke2 Ke6 38. Kd3 f5 39. Kc4 Rd5 40. Bb6 e4 41. fxe4 fxe4 42. Re2 Ke5 43. Bg1 Rd1 44. Bh2+ Kf5 45. Bxd6 Rxd6 46. Kxb4 Kf4 47. a4 e3 48. a5 Rd2 49. Re1 Ra2 50. Kb5 e2 51. b4 Ke3 52. Ka6 Kf2 53. Rb1 Rd2 54. b5 Ke3 55. Re1 Kf2 56. Rb1 Ke3 57. Re1 Kf2 58. Rxe2+ Kxe2 59. b6 Kf2 60. b7 Rb2 61. Ka7 Kxg2 62. b8=Q Rxb8 63. Kxb8 h5 64. a6 h4 65. a7 h3 66. a8=Q+ Kh2 67. Qf3 g5 68. Qg4 1-0


[Site "https://www.chess.com"]

[Event "Titled Tuesday Blitz July 25 Early 2023"]
[White "Arat, Ufuk Sezen"]
[Black "Kramnik, Vladimir"]
[WhiteFideId "6309089"]
[BlackFideId "4101588"]
[WhiteElo "2616"]
[BlackElo "2988"]
[Result "1/2-1/2"]
[Round "2"]
[TimeControl "180+2"]
[Date "2023.07.25"]
[WhiteClock "0:00:11"]
[BlackClock "0:00:05"]
[Board "15"]

1. e4 c5 2. Nf3 e6 3. d4 cxd4 4. Nxd4 Nf6 5. Nc3 Nc6 6. Ndb5 d6 7. Bf4 e5 8. Bg5 a6 9. Na3 b5 10. Nd5 Be7 11. Bxf6 Bxf6 12. c3 Rb8 13. Nc2 Bg5 14. a4 bxa4 15. Ncb4 Nxb4 16. Nxb4 Bd7 17. Qxd6 Be7 18. Qxe5 O-O 19. Nd5 Re8 20. Nxe7+ Rxe7 21. Qd4 Rxb2 22. Bxa6 Qb6 23. Qxb6 Rxb6 24. Bd3 Rb2 25. O-O Be8 26. Rfb1 Reb7 27. Kf1 Kf8 28. Ke1 Ke7 29. Kd1 Bc6 30. Rxb2 Rxb2 31. Bc2 Kd6 32. Kc1 Rb8 33. Ra2 Ra8 34. Kb2 Kc5 35. Ka3 g5 36. Rb2 Rd8 37. Bxa4 Bxa4 38. Kxa4 Kc4 39. Rb4+ Kxc3 40. Rb7 f6 41. Rf7 Rd6 42. Rxh7 Rd4+ 43. Kb5 Rxe4 44. Rh3+ Kd2 45. Rf3 Re5+ 46. Kc6 f5 47. Kd6 Ra5 48. Ke6 f4 49. Kf6 Ke2 50. h4 gxh4 51. Rxf4 Rh5 52. Kg6 h3 53. Kxh5 hxg2 54. Rg4 Kxf2 55. Rxg2+ Kxg2 1/2-1/2


[Site "https://www.chess.com"]

[Event "Titled Tuesday Blitz July 25 Early 2023"]
[White "NicolaiMaxime"]
[Black "Martinez Alcantara, Jose Eduardo"]
[BlackFideId "3805662"]
[WhiteElo "2609"]
[BlackElo "2982"]
[Result "0-1"]
[Round "2"]
[TimeControl "180+2"]
[Date "2023.07.25"]
[WhiteClock "0:00:04"]
[BlackClock "0:00:41"]
[Board "16"]

1. c4 c5 2. Nc3 Nf6 3. g3 g6 4. Bg2 Bg7 5. d3 O-O 6. Nf3 d5 7. cxd5 Nxd5 8. Bd2 Nc7 9. O-O Nc6 10. Rc1 b6 11. a3 Bd7 12. h4 h6 13. Bf4 e5 14. Be3 Rc8 15. Qd2 Nd4 16. Bxd4 exd4 17. Nb1 Qe7 18. Rfe1 a5 19. Qc2 Nd5 20. Nfd2 Be6 21. Nc4 Rb8 22. Nbd2 Rfd8 23. a4 Nb4 24. Qb1 Bd7 25. b3 Be6 26. Na3 Nd5 27. Nb5 h5 28. Nc4 Bh6 29. Rc2 Kg7 30. Ne5 Rbc8 31. Nc4 Rb8 32. Ne5 Nb4 33. Nc6 Nxc6 34. Bxc6 g5 35. hxg5 Bxg5 36. Bg2 h4 37. e3 dxe3 38. fxe3 hxg3 39. d4 Qf6 40. Rf1 Qh6 41. Rf3 Bxe3+ 42. Kf1 Bg4 43. Qd1 Bxf3 44. Qxf3 Qf4 45. dxc5 Qxf3+ 46. Bxf3 Bxc5 47. Kg2 Rd3 48. Kxg3 Re8 49. Kg4 f5+ 50. Kf4 Kf6 51. Rh2 Rd4+ 52. Kg3 Rg8+ 53. Kh3 Rd7 54. Bh5 Rh7 55. Kh4 Rg4+ 56. Kh3 Rxh5# 0-1


[Site "https://www.chess.com"]

[Event "Titled Tuesday Blitz July 25 Early 2023"]
[White "Movahed, Sina"]
[Black "Pinero Rodriguez, Carlos Jose"]
[WhiteFideId "42520835"]
[BlackFideId "3901726"]
[WhiteElo "2974"]
[BlackElo "2607"]
[Result "1-0"]
[Round "2"]
[TimeControl "180+2"]
[Date "2023.07.25"]
[WhiteClock "0:01:50"]
[BlackClock "0:01:00"]
[Board "17"]

1. e4 c5 2. Nf3 e6 3. d4 cxd4 4. Nxd4 a6 5. Bd3 Qc7 6. Nc3 Nf6 7. O-O h5 8. Re1 Ng4 9. Nf3 Bc5 10. Re2 Nc6 11. g3 b5 12. Bf4 Nge5 13. Nxe5 Nxe5 14. Nd5 exd5 15. Bxe5 Qxe5 16. exd5 Qxe2 17. Qxe2+ Kf8 18. d6 Bxd6 19. Be4 Rb8 20. Re1 g6 21. Bd5 Kg7 22. Qf3 Rf8 23. Re8 f5 24. Qc3+ Rf6 25. Rg8+ 1-0


[Site "https://www.chess.com"]

[Event "Titled Tuesday Blitz July 25 Early 2023"]
[White "Arabidze, Meri"]
[Black "Kamsky, Gata"]
[WhiteFideId "13604040"]
[BlackFideId "2000024"]
[WhiteElo "2604"]
[BlackElo "2971"]
[Result "1/2-1/2"]
[Round "2"]
[TimeControl "180+2"]
[Date "2023.07.25"]
[WhiteClock "0:00:14"]
[BlackClock "0:00:06"]
[Board "18"]

1. d4 Nf6 2. Nf3 g6 3. g3 Bg7 4. Bg2 O-O 5. O-O d5 6. b3 c6 7. Bb2 a5 8. c4 Bf5 9. Nc3 Ne4 10. e3 Nxc3 11. Bxc3 Be4 12. Bh3 Bxf3 13. Qxf3 e6 14. Bg2 Nd7 15. Qe2 Qb6 16. Rfd1 Qa6 17. Bf1 Qa7 18. Rac1 Rfd8 19. e4 dxe4 20. Qxe4 Nf6 21. Qe2 Ne8 22. d5 cxd5 23. Bxg7 Nxg7 24. cxd5 exd5 25. Bg2 Qb6 26. Bxd5 Rd7 27. Bc4 Rad8 28. Rxd7 Rxd7 29. Rd1 Rxd1+ 30. Qxd1 Qc7 31. Qd5 Ne8 32. h4 Nd6 33. h5 Nxc4 34. bxc4 gxh5 35. Qxh5 Kf8 36. Qxh7 Qxc4 37. Qh8+ Ke7 38. Qe5+ Kf8 39. Qxa5 Qe4 40. Qc5+ Kg7 41. Qc3+ Kg8 42. a3 Qd5 43. Qc8+ Kg7 44. Qg4+ Kf8 45. a4 Qc6 46. Qb4+ Kg8 47. a5 Qc1+ 48. Kh2 Qh6+ 49. Qh4 Qc6 50. Qg5+ Kf8 51. Qd8+ Kg7 52. g4 Qf3 53. Qd4+ Kg6 54. Kg1 f6 55. Kh2 Kg5 56. Qd2+ Kxg4 57. Qd7+ Kg5 58. Qg7+ Kf5 59. Qd7+ Kg5 60. Qg7+ Kf5 61. Qd7+ Kg5 1/2-1/2


[Site "https://www.chess.com"]

[Event "Titled Tuesday Blitz July 25 Early 2023"]
[White "Indjic, Aleksandar"]
[Black "Parpiev, Isaak"]
[WhiteFideId "911925"]
[BlackFideId "34281576"]
[WhiteElo "2970"]
[BlackElo "2603"]
[Result "1/2-1/2"]
[Round "2"]
[TimeControl "180+2"]
[Date "2023.07.25"]
[WhiteClock "0:02:11"]
[BlackClock "0:00:35"]
[Board "19"]

1. e4 c6 2. d4 d5 3. exd5 cxd5 4. Bd3 Nc6 5. c3 Nf6 6. Bf4 Bg4 7. Qb3 Qd7 8. Nd2 e6 9. Ngf3 Bxf3 10. Nxf3 Bd6 11. Bg3 O-O 12. Qc2 Rfc8 13. a3 h6 14. O-O Bxg3 15. fxg3 Qd6 16. Rae1 Rab8 17. Ne5 Nxd4 18. Qd2 Nc6 19. Nxc6 bxc6 20. Rxf6 gxf6 21. Qxh6 f5 22. Bxf5 Qc5+ 23. Kh1 exf5 24. Qg5+ Kf8 25. Qf6 Kg8 26. Qg5+ Kf8 27. Qf6 Kg8 28. Qg5+ 1/2-1/2


[Site "https://www.chess.com"]

[Event "Titled Tuesday Blitz July 25 Early 2023"]
[White "Sipila, Vilka"]
[Black "Bok, Benjamin"]
[WhiteFideId "505455"]
[BlackFideId "1017063"]
[WhiteElo "2600"]
[BlackElo "2960"]
[Result "0-1"]
[Round "2"]
[TimeControl "180+2"]
[Date "2023.07.25"]
[WhiteClock "0:00:22"]
[BlackClock "0:00:37"]
[Board "20"]

1. Nf3 d5 2. g3 c6 3. Bg2 Bg4 4. O-O Nd7 5. d4 e6 6. c4 Be7 7. Nc3 Ngf6 8. Qb3 Qb6 9. c5 Qa6 10. Re1 b6 11. cxb6 axb6 12. e4 O-O 13. exd5 Nxd5 14. Bd2 b5 15. Nxd5 cxd5 16. Bb4 Bxb4 17. Qxb4 Rfc8 18. Nd2 Qa4 19. Qd6 Qxd4 20. Nb3 Qb6 21. Qf4 Nf6 22. h3 Bf5 23. Bf1 h6 24. a3 Rc2 25. Nd4 Rxb2 26. Nxf5 exf5 27. Qxf5 Ne4 28. Be2 Nxg3 29. Qxd5 Re8 0-1


[Site "https://www.chess.com"]

[Event "Titled Tuesday Blitz July 25 Early 2023"]
[White "Anton Guijarro, David"]
[Black "Veiga, Jose Francisco R P Neves"]
[WhiteFideId "2285525"]
[BlackFideId "1930087"]
[WhiteElo "2953"]
[BlackElo "2596"]
[Result "1-0"]
[Round "2"]
[TimeControl "180+2"]
[Date "2023.07.25"]
[WhiteClock "0:00:31"]
[BlackClock "0:00:54"]
[Board "21"]

1. d4 e6 2. Nf3 Nf6 3. Bg5 Be7 4. Nbd2 d5 5. e3 O-O 6. Bd3 c5 7. c3 Nc6 8. Ne5 h6 9. Bxf6 Bxf6 10. f4 cxd4 11. exd4 Qb6 12. Rb1 g6 13. Ndf3 Bg7 14. h4 h5 15. Qe2 Qd8 16. Ng5 f6 17. Nxg6 fxg5 18. hxg5 e5 19. Qxh5 e4 20. Be2 Bf5 21. Qh7+ Kf7 22. Bh5 Rg8 23. Nh4+ 1-0


[Site "https://www.chess.com"]

[Event "Titled Tuesday Blitz July 25 Early 2023"]
[White "Ahmad, Khagan"]
[Black "Kovalev, Vladislav"]
[WhiteFideId "13431552"]
[BlackFideId "13504398"]
[WhiteElo "2580"]
[BlackElo "2950"]
[Result "0-1"]
[Round "2"]
[TimeControl "180+2"]
[Date "2023.07.25"]
[WhiteClock "0:00:05"]
[BlackClock "0:00:26"]
[Board "22"]

1. e4 e5 2. Nf3 Nc6 3. Bb5 a6 4. Ba4 Nf6 5. O-O Be7 6. d4 exd4 7. Nxd4 Nxd4 8. Qxd4 b5 9. e5 c5 10. Qd3 Ng8 11. Bb3 c4 12. Bxc4 bxc4 13. Qxc4 Bb7 14. Nc3 d5 15. Qg4 g6 16. Be3 Qc8 17. Qa4+ Qc6 18. Qd4 h5 19. Rad1 Rd8 20. f4 Nh6 21. e6 O-O 22. f5 Nxf5 23. Rxf5 gxf5 24. Rd3 Qxe6 25. Bf4 Qe1# 0-1


[Site "https://www.chess.com"]